AoeStats
← KaLong

Arena

508162533Analyzed
4v4 RM · 11d ago on Sep 21, 2026· 33m 19s· 8 players
Game mode
Random Map
Map size
Large (8 player)
Population
200
Speed
Normal
Resources
Standard
Victory
Conquest
Starting age
Dark Age
Ending age
Imperial Age
RankedLock teamsTeams togetherTeam positionsShared explorationLock speedFull tech treeHidden civsTurbo modeCheats
Victory
Defeat
🇨🇷 Armenians · Costa Rica
1625
+13
🇨🇳 Magyars · China
1606
+14
🇺🇸 Franks · United States
1592
+15
🇲🇽 Mongols · Mexico
1539
+18
🇨🇳 Tatars · China
1608
-17
🇨🇳 Ethiopians · China
1607
-17
🇺🇸 Mongols · United States
1543
-14
🇺🇸 Bohemians · United States
1498
-12
AttilathePun463
10:26 Feudal Age
14:22 Castle Age
13:03 Double-Bit Axe
15:42 Bow Saw
20:51 Wheelbarrow
20:34 Loom
27:57 Imperial Age
26:00 Hand Cart
26:15 Scale Mail Armor
26:22 Scale Barding Armor
26:43 Gold Mining
27:25 Chain Barding Armor
28:50 Gold Shaft Mining
28:48 Forging
28:08 Cavalier
30:25 Plate Barding Armor
31:00 Husbandry
31:43 Iron Casting
ArNuL
0:45 Loom
9:30 Feudal Age
10:19 Double-Bit Axe
11:26 Horse Collar
11:52 Fletching
22:29 Castle Age
20:58 Gold Mining
21:48 Stone Mining
23:24 Bow Saw
23:11 Bodkin Arrow
24:19 Padded Archer Armor
31:07 Imperial Age
29:43 Gold Shaft Mining
30:07 Ballistics
32:26 Wheelbarrow
31:54 Bracer
33:39 Conscription
小白
10:39 Feudal Age
14:29 Castle Age
12:50 Double-Bit Axe
14:12 Horse Collar
20:17 Loom
21:39 Bow Saw
22:03 Heavy Plow
24:25 Wheelbarrow
23:54 Gold Mining
30:13 Imperial Age
29:06 Scale Barding Armor
30:14 Chain Barding Armor
30:16 Bloodlines
30:06 Husbandry
30:13 Corvinian Army
31:31 Plate Barding Armor
31:17 Conscription
31:09 Elite Magyar Huszar
34:50 Two-Man Saw
Draga
10:24 Feudal Age
14:03 Castle Age
12:17 Double-Bit Axe
13:09 Horse Collar
15:04 Bow Saw
18:23 Wheelbarrow
19:49 Heavy Plow
21:52 Hand Cart
22:05 Loom
22:37 Fletching
22:15 Crossbowman
23:28 Gold Mining
23:41 Town Watch
24:22 Ballistics
24:04 Bodkin Arrow
24:16 Padded Archer Armor
29:15 Imperial Age
27:43 Leather Archer Armor
29:27 Capped Ram
30:08 Bracer
31:09 Chemistry
30:42 Ring Archer Armor
29:37 Arbalester
31:10 Conscription
30:28 Siege Ram
31:39 Conscription
麦辣鸡翅
10:05 Feudal Age
10:53 Loom
14:06 Castle Age
19:45 Double-Bit Axe
31:41 Wheelbarrow
吮指原味鸡
10:01 Feudal Age
13:37 Castle Age
11:45 Double-Bit Axe
12:03 Horse Collar
14:50 Bow Saw
20:15 Wheelbarrow
23:25 Hand Cart
23:39 Gold Mining
27:35 Imperial Age
24:53 Loom
25:31 Fletching
27:34 Ballistics
27:15 Bodkin Arrow
27:20 Padded Archer Armor
28:15 Bracer
29:20 Chemistry
27:41 Heavy Cavalry Archer
28:28 Silk Armor
29:36 Conscription
30:01 Gold Shaft Mining
29:54 Leather Archer Armor
31:04 Ring Archer Armor
31:49 Husbandry
32:00 Bloodlines
31:25 Capped Ram
BomBomB0
10:05 Feudal Age
14:04 Castle Age
12:12 Double-Bit Axe
12:48 Horse Collar
15:02 Bow Saw
18:44 Fletching
20:46 Bodkin Arrow
24:45 Wheelbarrow
23:56 Town Watch
25:27 Padded Archer Armor
26:53 Ballistics
27:10 Gold Mining
28:19 Hand Cart
27:49 Loom
28:19 Hand Cart
27:49 Loom
31:13 Imperial Age
29:52 Gold Shaft Mining
29:08 Stone Mining
29:38 Husbandry
29:52 Bloodlines
29:53 Heavy Plow
30:18 Light Cavalry
31:15 Leather Archer Armor
31:43 Elite Skirmisher
32:48 Bracer
33:50 Chemistry
32:59 Thumb Ring
KaLong
10:26 Feudal Age
14:26 Castle Age
12:58 Horse Collar
15:06 Double-Bit Axe
15:28 Loom
20:57 Wheelbarrow
23:18 Heavy Plow
23:55 Hand Cart
28:39 Imperial Age
28:21 Chemistry
28:04 Wagenburg Tactics
27:23 Pikeman
28:35 Forging
28:25 Scale Mail Armor
29:02 Squires
28:42 Houfnice
30:14 Siege Engineers
29:39 Halberdier
31:16 Scale Mail Armor
31:58 Forging
33:26 Iron Casting
Connection lost

Rejoining the realm…

Still unreachable

The connection could not be restored.

Session expired

The server has moved on; the page needs a fresh start.